 Dungeon Crawl Stone Soup version 0.32-a0-768-g0f6f1dd4b9 (webtiles) character file.

Game seed: 194083484668411860

39 Dirtsage the Grave Robber (level 3, 0/24 HPs)
             Began as a Demonspawn Necromancer on Mar 18, 2024.
             Constricted to death by a ball python (2 damage)
             ... on level 1 of the Dungeon.
             The game lasted 00:04:38 (534 turns).

Dirtsage the Grave Robber (Demonspawn Necromancer)   Turns: 534, Time: 00:04:39

Health: 0/24       AC:  2    Str:  8    XL:     3   Next: 26%
Magic:  1/6        EV:  1    Int: 17    God:
Gold:   0          SH:  4    Dex: 13    Spells: 3/7 levels left

rFire   . . .        f - +0 whip
rCold   . . .        (no shield)
rNeg    . . .        a - +0 robe
rPois   .            (helmet restricted)
rElec   .            (no cloak)
rCorr   .            (no gloves)
SInv    .            (no boots)
Will    .....        (no amulet)
Stlth   ++           (no ring)
HPRegen 0.24/turn    (no ring)
MPRegen 0.10/turn

%: no passive effects
@: constricted
A: antennae 1, condensation shield
a: no special abilities


You were on level 1 of the Dungeon.
You visited 1 branch of the dungeon, and saw 1 of its levels.

Inventory:

Hand Weapons
 c - a +0 club
 f - a +0 whip (weapon)
Armour
 a - a +0 robe (worn)
 g - a +0 helmet
Scrolls
 d - a scroll of enchant weapon {unknown}
 e - a scroll of poison {unknown}
 h - 3 scrolls of vulnerability {unknown}
Potions
 b - a potion of magic


   Skills:
 - Level 1.7 Dodging
 - Level 1.7 Stealth
 + Level 2.6 Spellcasting
 * Level 5.2 Necromancy


You had 3 spell levels left.
You knew the following spells:

 Your Spells              Type           Power      Damage    Failure   Level
a - Necrotise             Necr           80%        1d8       1%          1
x - Vampiric Draining     Necr           20%        2d7       6%          3

Your spell library contained the following spells:

 Spells                   Type           Power      Damage    Failure   Level
 Animate Dead             Necr           20%        N/A       21%         4
 Curse of Agony           Necr           20%        N/A       50%         5


Dungeon Overview and Level Annotations

Branches:
Dungeon (1/15)

Altars:


Innate Abilities, Weirdness & Mutations

You have a pair of small antennae on your head.
A meltable shield of frost defends you. (SH +4)


Message History

You kill the ball python!
You completely miss the jackal. The bat hits you but does no damage.
You block the jackal's attack.
You closely miss the jackal. The bat completely misses you.
The jackal bites you.
* * * LOW HITPOINT WARNING * * *
The jackal barely misses you. You block the bat's attack.
You take 2 damage, and have 4/24 hp.
You hit the jackal.
The jackal is almost dead.
The bat closely misses you. The jackal barely misses you.
You hit the jackal.
You kill the jackal!
The jackal barely misses you.
Casting: Vampiric Draining (quite dangerous; 6% risk of failure)
Confirm with . or Enter, or press ? or * to list all spells.
Aiming: Vampiric Draining (quite dangerous; 6% risk of failure)
Press: ? - help, Shift-Dir - straight line, f - jackal
Aim: a jackal You draw life force from the jackal!
You kill the jackal!
You feel life coursing into your body. The bat misses you.
You regained 4 hp, and now have 8/24 hp.
You now have 1/6 mp.
You miss the bat. You block the bat's attack. The bat completely misses you.
You closely miss the bat. You block the bat's attack.
You hit the ball python.
The ball python is severely wounded.
You block the ball python's attack. The ball python grabs you.
The ball python constricts you. The ball python bites you.
* * * LOW HITPOINT WARNING * * *
The ball python constricts you.
* * * LOW HITPOINT WARNING * * *
You take 3 damage, and have 5/24 hp.
You barely miss the ball python.
The ball python is severely wounded.
The ball python bites you.
* * * LOW HITPOINT WARNING * * *
The ball python constricts you.
You die...

... #...#.......#.........### #.#
#...# #....##.####.#+##.. #..
##.## +....##.#.h.....#..
##########.# #....##.#.......#..
#.......##+####.......#.......###
#..............#.........#......#
#............#........####.......
#.............####...............
#...............@Sb..............
#............#..†###...........h#
...............#..##.............
...............##....##..........
...............#####..).........
....##.........#####.......#.##
.............##..†.......#.# #
.............##............#
........................##.#


You could see a bat and a ball python.

Vanquished Creatures
  A gnoll (D:1)
  An endoplasm (D:1)
  A giant cockroach (D:1)
  A goblin (D:1)
  4 jackals (D:1)
  4 ball pythons (D:1)
  3 frilled lizards (D:1)
  3 kobolds (D:1)
  3 rats (D:1)
21 creatures vanquished.

Vanquished Creatures (collateral kills)
  2 dart slugs (D:1)
  An endoplasm (D:1)
  A goblin (D:1)
4 creatures vanquished.

Grand Total: 25 creatures vanquished

Notes
Turn   | Place    | Note
-------+----------+-------------------------------------------
     0 | D:1      | Dirtsage the Demonspawn Necromancer began the quest for the
                  | Orb.
     0 | D:1      | Reached XP level 1. HP: 13/13 MP: 3/3
    27 | D:1      | Found a faded altar of an unknown god.
   251 | D:1      | Gained mutation: You have a pair of small antennae on your
                  | head. [demonic ancestry]
   251 | D:1      | Reached XP level 2. HP: 19/19 MP: 1/5
   372 | D:1      | Reached skill level 5 in Necromancy
   394 | D:1      | Gained mutation: A meltable shield of frost defends you.
                  | (SH +4) [demonic ancestry]
   394 | D:1      | Reached XP level 3. HP: 19/24 MP: 2/6
   416 | D:1      | Learned a level 3 spell: Vampiric Draining
   534 | D:1      | Constricted to death by a ball python

Illustrated notes

Levels and vault maps discovered:
D:1:      evilmike_arrival_plus, layout_basic, basic_ecumenical_altar

Skill      XL: |  1  2 |
---------------+-------+-----
Necromancy     | 5 |  5.2
Dodging        | |  1.7
Stealth        | |  1.7
Spellcasting   | |  2.6

Action                     || total
---------------------------++-------
  Melee: Whip              ||    53
         Unarmed           ||     6
         Club              ||     2
   Cast: Necrotise         ||    19
         Vampiric Draining ||     1
   Stab: Sleeping          ||     1
 Armour: Robe              ||    71
  Dodge: Dodged            ||    74
  Block: Other             ||    15

Table legend: (Time is in decaauts)
 A = Elapsed time spent in this place.
 B = Non-inter-level travel time spent in this place.
 C = Inter-level travel time spent in this place.
 D = Time resting spent in this place.
 E = Time spent auto-exploring this place.
 F = Levels seen in this place.
 G = Mean time per level.
                   A        B        C        D        E       F      G
               +--------+--------+--------+--------+--------+-----+--------+
         Total |    538 |    538 |      0 |     58 |    253 |   1 |  538.0 |
       Dungeon |    538 |    538 |      0 |     58 |    253 |   1 |  538.0 |
               +--------+--------+--------+--------+--------+-----+--------+

Top non-repeatable levels by time:
     D:1: 538 daAuts
